 Dungeon Crawl Stone Soup version 0.28-a0-1613-gdaab1c2f9b (webtiles) character file.

Game seed: 18360071107000001883

321 porpoise the Insei (level 6, -4/49 HPs)
             Began as a Demonspawn Transmuter on Jan 22, 2022.
             Slain by a sky beast (6 damage)
             ... on level 4 of the Dungeon.
             The game lasted 00:13:26 (4744 turns).

porpoise the Insei (Demonspawn Transmuter)          Turns: 4744, Time: 00:13:28

Health: -4/49      AC:  2    Str: 12    XL:     6   Next: 22%
Magic:  9/9        EV: 12    Int: 15    God:
Gold:   124        SH:  0    Dex: 13    Spells: 6/9 levels left

rFire   . . .      SeeInvis .     - Unarmed
rCold   . . .      Faith    .   (no shield)
rNeg    . . .      Spirit   .   p - +0 robe
rPois   .          Reflect  .   (helmet currently unavailable)
rElec   .          Harm     .   (no cloak)
rCorr   .          Rampage  .   (no gloves)
Will    .....                   (boots currently unavailable)
Stlth   +.........              (no amulet)
HPRegen 0.16/turn               (no ring)
MPRegen 0.11/turn               (no ring)

@: appendages (expiring)
A: horns 2, talons 2, claws 1, powered by death 2
a: End Transformation


You were on level 4 of the Dungeon.
You had temporarily grown beastly horns and talons.
You visited 1 branch of the dungeon, and saw 4 of its levels.

You collected 124 gold pieces.

Inventory:

Hand Weapons
 c - a +2 dagger of speed
 h - a +1 short sword of protection
 k - a +1 dagger of venom
Missiles
 a - 6 silver javelins (quivered)
 d - 40 sling bullets
 f - 37 bolts
 g - 35 stones
 r - 6 boomerangs
 u - 18 arrows
Armour
 p - a +0 robe (worn)
Magical Staves
 b - a staff of conjuration
 w - a staff of air
Jewellery
 m - a ring of ice
Wands
 l - a wand of flame (23)
 n - a wand of mindburst (7)
Scrolls
 i - 2 scrolls of identify
 j - a scroll of magic mapping {unknown}
 s - a scroll of fear {unknown}
 t - a scroll of teleportation {unknown}
 v - a scroll of brand weapon {unknown}


   Skills:
 + Level 4.4 Fighting
 - Level 1.7 Dodging
 + Level 4.9 Unarmed Combat
 - Level 2.0 Spellcasting
 - Level 1.7 Transmutations


You had 6 spell levels left.
You knew the following spells:

 Your Spells              Type           Power      Damage    Failure   Level
a - Beastly Appendage     Tmut           12%        N/A       11%         1
b - Wereblood             Tmut           6%         N/A       16%         2

Your spell library contained the following spells:

 Spells                   Type           Power      Damage    Failure   Level
 Spider Form              Tmut/Pois      4%         N/A       43%         3
 Gell's Gravitas          Tloc           1%         N/A       54%         3
 Teleport Other           Tloc           1%         N/A       54%         3
 Ice Form                 Ice/Tmut       4%         N/A       83%         4
 Dispersal                Tloc           0%         N/A       100%        6


Dungeon Overview and Level Annotations

Branches:
Dungeon (4/15)
 Temple: D:4-7

Altars:
Ashenzari
Kikubaaqudgha
Okawaru
Uskayaw
Xom
Yredelemnul


Innate Abilities, Weirdness & Mutations

You have temporarily grown beastly horns and talons.
You have sharp fingernails.
You regenerate health from kills.


Message History

You closely miss something. Your kick misses something. Something hits you.
Something shocks you.
You miss something. You headbutt something. Something hits you.
Something shocks you.
You barely miss something. Your kick misses something.
Your headbutt misses something. Something hits you. Something shocks you.
You scratch something but do no damage. You claw something.
Your claw misses something. Something hits you.
* * * LOW HITPOINT WARNING * * *
Something shocks you.
* * * LOW HITPOINT WARNING * * *
You feel better.
Your transformation is almost over.
Something hits you. Something shocks you.
* * * LOW HITPOINT WARNING * * *
You scratch something. Your kick misses something.
A sky beast appears from thin air!
Reactivating autopickup.
The sky beast misses you.
You claw the sky beast!
You claw the sky beast, but do no damage.
The sky beast is almost dead.
The sky beast hits you.
* * * LOW HITPOINT WARNING * * *
The sky beast shocks you.
* * * LOW HITPOINT WARNING * * *
You barely miss the sky beast.
The sky beast is almost dead.
You closely miss the sky beast. You claw the sky beast.
The sky beast is almost dead.
The sky beast flickers out of sight!
Deactivating autopickup; reactivate with Ctrl-A.
Something hits you but does no damage.
You miss something. Your kick misses something. Your headbutt misses something.
A sky beast appears from thin air!
Reactivating autopickup.
The sky beast hits you.
* * * LOW HITPOINT WARNING * * *
The sky beast shocks you.
You die...

((... (...
(... #..#
#####..##
#!......#
+....Y..# #@#
##'#........#
#..+........#
#..#........#
#..#........#
#..#........#
#..#........#
#..#[.......#
#..##+#.....#


You could see a sky beast.

Vanquished Creatures
  A black bear (D:2)
  Terence (D:2)
  Jessica (D:2)
  Natasha (thrice) (D:2)
  2 adders (D:2)
  A worm (D:3)
  2 dart slugs
  12 endoplasms
  4 giant cockroaches
  5 goblins
  4 hobgoblins
  3 jackals (D:2)
  8 kobolds
  3 quokkas
  8 ball pythons
  8 bats
  4 frilled lizards
  7 rats
77 creatures vanquished.

Notes
Turn   | Place    | Note
-------+----------+-------------------------------------------
     0 | D:1      | porpoise the Demonspawn Transmuter began the quest for the
                  | Orb.
     0 | D:1      | Reached XP level 1. HP: 15/15 MP: 3/3
   285 | D:1      | Gained mutation: You regenerate a little health from kills.
                  | [demonic ancestry]
   285 | D:1      | Reached XP level 2. HP: 21/21 MP: 3/5
  1369 | D:1      | Reached XP level 3. HP: 23/27 MP: 4/6
  1390 | D:1      | Learned a level 2 spell: Wereblood
  1632 | D:2      | Noticed Natasha
  1640 | D:2      | Killed Natasha
  1900 | D:2      | Noticed Natasha
  1915 | D:2      | Killed Natasha
  1916 | D:2      | Gained mutation: You have sharp fingernails. [demonic
                  | ancestry]
  1916 | D:2      | Reached XP level 4. HP: 23/34 MP: 7/7
  1976 | D:2      | Noticed Terence
  1996 | D:2      | Noticed Natasha
  2004 | D:2      | Killed Natasha
  2694 | D:2      | Found a faded altar of an unknown god.
  2697 | D:2      | Gained mutation: You regenerate health from kills. [demonic
                  | ancestry]
  2697 | D:2      | Reached XP level 5. HP: 41/41 MP: 6/8
  2888 | D:2      | Noticed a black bear
  2899 | D:2      | Killed a black bear
  2977 | D:2      | Noticed Jessica
  2986 | D:2      | Killed Jessica
  3061 | D:2      | Reached XP level 6. HP: 48/48 MP: 7/9
  3482 | D:2      | Killed Terence
  4476 | D:3      | Found a faded altar of an unknown god.
  4481 | D:3      | Found a hide-covered altar of Uskayaw.
  4590 | D:3      | Found an ancient bone altar of Kikubaaqudgha.
  4590 | D:3      | Found a basalt altar of Yredelemnul.
  4597 | D:3      | Found a broken altar of Ashenzari.
  4599 | D:3      | Found an iron altar of Okawaru.
  4600 | D:3      | Found a shimmering altar of Xom.
  4726 | D:4      | Noticed a sky beast
  4744 | D:4      | HP: 2/49 [sky beast (3)]
  4744 | D:4      | Slain by a sky beast

Illustrated notes

Levels and vault maps discovered:
D:1:      nzn_arrival_crosshair, layout_basic, amcnicky_mini_corridor_feature
D:2:      layout_basic, hellmonk_ecumenical_altar_inner_sanctum, uniq_jessica,
          uniq_natasha, uniq_terence
D:3:      layout_loops_cross, nicolae_overflow_ecumenical_swirl,
          chequers_temple_overflow_minitemple
D:4:      layout_gridville, led_sif_book, hangedman_decor_peaks_small, uniq_ijyb

Skill      XL: |  1  2  3  4  5 |
---------------+----------------+-----
Unarmed Combat | 3 4 |  4.9
Fighting       | 2 3 4 |  4.4
Dodging        | |  1.7
Spellcasting   | |  2.0
Transmutations | |  1.7

Action                   |  1- 3 |  4- 6 || total
-------------------------+-------+-------++-------
Melee: Unarmed           |    72 |   108 ||   180
       Kick              |    19 |    19 ||    38
       Headbutt          |     9 |    13 ||    22
       Punch             |     1 |     1 ||     2
Throw: Dart              |       |    12 ||    12
 Cast: Beastly Appendage |    24 |    36 ||    60
Evoke: Wand              |       |     6 ||     6
  Use: Potion            |     1 |     1 ||     2
       Scroll            |       |     1 ||     1
Armor: Robe              |    12 |    11 ||    23
Dodge: Dodged            |    20 |    53 ||    73

Table legend: (Time is in decaauts)
 A = Elapsed time spent in this place.
 B = Non-inter-level travel time spent in this place.
 C = Inter-level travel time spent in this place.
 D = Time resting spent in this place.
 E = Time spent auto-exploring this place.
 F = Levels seen in this place.
 G = Mean time per level.
                   A        B        C        D        E       F      G
               +--------+--------+--------+--------+--------+-----+--------+
         Total |   4728 |   4608 |    120 |   1689 |   2284 |   4 | 1182.0 |
       Dungeon |   4728 |   4608 |    120 |   1689 |   2284 |   4 | 1182.0 |
               +--------+--------+--------+--------+--------+-----+--------+

Top non-repeatable levels by time:
     D:2: 1812 daAuts
     D:1: 1694 daAuts
     D:3: 1140 daAuts
     D:4: 80 daAuts
